 Dungeon Crawl Stone Soup version 0.26.0-57-g60708a5e39 (webtiles) character file.

Game seed: 15544066585120503592

49310 teolandon225 the Bewitcher (level 14, -1/66 HPs)
             Began as a Spriggan Enchanter on Feb 1, 2021.
             Was a High Priest of Dithmenos.
             Slain by a manticore (8 damage)
             ... while paralysed by a hornet
             ... on level 6 of the Lair of Beasts.
             The game lasted 00:56:51 (29955 turns).

teolandon225 the Bewitcher (Spriggan Enchanter)    Turns: 29955, Time: 00:56:52

Health: -1/66      AC:  8    Str:  4    XL:     14   Next: 15%
Magic:  19/19      EV:  4    Int: 20    God:    Dithmenos [*****.]
Gold:   1262       SH:  0    Dex: 24    Spells: 7/18 levels left

rFire    . . .     SeeInvis +   B - +5 dagger (drain)
rCold    . . .     Faith    .   O - +0 buckler
rNeg     . . .     Spirit   .   b - +1 robe
rPois    .         Reflect  .   V - +0 hat {Will+}
rElec    .         Harm     .   l - +0 cloak
rCorr    .         Rampage  .   (gloves unavailable)
Will     +++..                  (boots unavailable) Stlth **++++++++
                                y - amulet of regeneration
HPRegen  0.61/turn              T - +6 ring of dexterity
MPRegen  0.16/turn              N - +4 ring of protection

@: paralysed, lethally poisoned (-1 -> -16), slowed, wreathed by umbra, studying
Air Magic, very quick
A: very small, unfitting armour, see invisible, speed 3
a: Renounce Religion, Shadow Step, Shadow Form


You were on level 6 of the Lair of Beasts.
You worshipped Dithmenos.
Dithmenos was extremely pleased with you.
You visited 3 branches of the dungeon, and saw 18 of its levels.
You also visited: Sewer.

You collected 1262 gold pieces.

Inventory:

Hand Weapons
 B - a +5 dagger of draining (weapon)
 P - the +2 rapier "Xyegailo" {drain, rElec Dex+3}
   (You found it on level 10 of the Dungeon)

   A truly terrible weapon, it drains the life of those it strikes.
   It affects your dexterity (+3).
   It insulates you from electricity.
Armour
 a - +0 fire dragon scales
 b - a +1 robe (worn)
 l - a +0 cloak (worn)
 K - +0 acid dragon scales
 O - a +0 buckler (worn)
 V - a +0 hat of willpower (worn)
Jewellery
 e - an uncursed amulet of the acrobat
 h - an uncursed ring of ice
 p - a +4 ring of slaying
 u - an uncursed ring of flight
 y - an amulet of regeneration (around neck)
 F - a +4 ring of slaying
 N - a +4 ring of protection (right hand)
 T - a +6 ring of dexterity (left hand)
Wands
 n - a wand of iceblast (27)
 s - a wand of flame (42)
 C - a wand of random effects (61)
 D - a wand of paralysis (22)
 H - a wand of disintegration (19)
 I - a wand of acid (39)
 U - a wand of polymorph (7)
Scrolls
 d - 6 scrolls of teleportation
 g - 3 scrolls of fear
 i - 3 scrolls of immolation
 m - 4 scrolls of magic mapping
 E - a scroll of summoning
 L - 2 scrolls of remove curse
 R - a scroll of amnesia
 W - a scroll of enchant armour
 Y - a scroll of brand weapon {unknown}
 Z - 2 scrolls of identify
Potions
 f - 3 potions of invisibility
 j - 3 potions of heal wounds
 k - 9 potions of curing
 o - 2 potions of berserk rage
 q - 10 potions of lignification
 v - 2 potions of resistance
 w - 7 potions of might
 x - 5 potions of haste
 z - a potion of ambrosia
 A - 8 potions of flight
 G - 3 potions of attraction
 J - 2 potions of magic
 Q - 2 potions of brilliance
 S - 2 potions of mutation
Books
 X - a manual of Air Magic


   Skills:
 + Level 4.1 Fighting
 - Level 10.0 Short Blades
 - Level 10.2 Dodging
 - Level 17.0 Stealth
 - Level 7.2 Shields
 - Level 2.6 Spellcasting
 - Level 17.4 Hexes
 + Level 5.0 Invocations


You had 7 spell levels left.
You knew the following spells:

 Your Spells              Type           Power        Failure   Level
e - Tukima's Dance        Hex            64%          1%          3
q - Ensorcelled Hibernat  Hex/Ice        74%          1%          2
r - Dazzling Flash        Conj/Hex       74%          1%          3
w - Confusing Touch       Hex            64%          1%          3

Your spell library contained the following spells:

 Spells                   Type           Power        Failure   Level
 Corona                   Hex            71%          0%          1
 Summon Guardian Golem    Hex/Summ       37%          1%          3
 Animate Skeleton         Necr           4%           14%         1
 Apportation              Tloc           4%           14%         1
 Sandblast                Erth           4%           14%         1
 Summon Small Mammal      Summ           8%           14%         1
 Call Imp                 Summ           2%           22%         2
 Passwall                 Tmut/Erth      1%           22%         2
 Call Canine Familiar     Summ           2%           41%         3
 Stone Arrow              Conj/Erth      4%           41%         3
 Petrify                  Tmut/Erth      2%           82%         4
 Summon Ice Beast         Ice/Summ       2%           82%         4
 Summon Lightning Spire   Summ/Air       2%           82%         4
 Lee's Rapid Deconstruct  Erth           1%           99%         5


Dungeon Overview and Level Annotations

Branches:
Dungeon (11/15)            Temple (1/1) D:6            Lair (6/6) D:8
  Swamp (0/4) Lair:3        Snake (0/4) Lair:3          Orc (0/2) D:9
  Sewer (visited)
  Slime: Lair:5-6

Altars:
Ashenzari
Cheibriados
Dithmenos
Elyvilon
Fedhas
Gozag
Hepliaklqana
Kikubaaqudgha
Makhleb
Nemelex Xobeh
Okawaru
Qazlal
Ru
Sif Muna
Trog
Uskayaw
Vehumet
Wu Jian
Xom
Yredelemnul
Zin
The Shining One

Shops:
D:4 =

Annotations:
D:3 exclusion: downstairs
D:4 exclusion: 2 goblins
D:5 exclusion: downstairs
D:6 exclusion: 2 downstairs
D:9 exclusion: downstairs
Lair:3 exclusion: downstairs
Lair:4 exclusion: oklob plant
Lair:5 2 transporters, exclusions: downstairs and 5 oklob plants, Ruewk's ghost, journeyman CeAM


Innate Abilities, Weirdness & Mutations

You are very small and have problems with some larger weapons.
You are too small for most types of armour.
You have supernaturally acute eyesight. (SInv)
You cover ground extremely quickly.


Message History

The manticore claws you. The hornet stings you.
You are poisoned.
You feel as though you will be slow longer.
The manticore bites you! The manticore barely misses you.
The manticore claws you but does no damage.
The torpor snail bites you!
* * * LOW HITPOINT WARNING * * *
The hornet stings you.
* * * LOW HITPOINT WARNING * * *
You are more poisoned.
You shrug off the repeated paralysis!
The rime drake hisses angrily.
You feel sick. The hornet stings you.
* * * LOW HITPOINT WARNING * * *
You are more poisoned.
You feel as though you will be slow longer.
The manticore bites you but does no damage.
The manticore completely misses you. The manticore claws you!
You die...

.......##P.....#...#####..##
.......##..#.#.#..## #.P#
......##...#...###### ####
......##P..#...####.##
.......#...#...#.(..P#
.......##..#####$)$..#
......###P....##.k...#
......# ##.....#.w†..#
......####......@y..##
........###...#.#H.##
.........###......##
.........##...P#.##
....P.....########
.........### ...........##
............# ......[.....#


You could see a torpor snail, a manticore, a rime drake and a hornet.

Vanquished Creatures
  Gastronok (Lair:3)
  A fire dragon (Lair:6)
  4 hydras
  A centaur warrior (D:9)
  2 catoblepae (Lair:6)
  A two-headed ogre (D:9)
  4 death yaks
  Sonja (Lair:3)
  A swamp dragon (Lair:6)
  2 lindwurms (Lair:6)
  A bog body (Lair:3)
  4 elephants
  3 manticores
  8 black mambas
  10 cane toads
  3 torpor snails
  5 rime drakes
  3 komodo dragons
  5 polar bears
  A hornet (Lair:6)
  28 blink frogs
  15 dream sheep
  A vampire (D:10)
  A wraith (D:10)
  31 yaks
  5 wyverns
  6 basilisks
  A vampire mosquito (D:9)
  2 steam dragons (Lair:6)
  Edmund (D:6)
  2 swamp worms (Lair:3)
  3 acid dragons (Lair:6)
  19 water moccasins
  3 nagas (Lair:3)
  2 swamp drakes (Lair:6)
  2 ice beasts
  2 black bears
  3 orc warriors
  A sky beast (D:10)
  14 wolves
  7 ogres
  4 centaurs
  2 big kobolds
  A wyvern zombie (D:10)
  14 bullfrogs
  A wyvern skeleton (D:10)
  15 killer bees
  5 scorpions
  6 wights
  2 electric eels
  2 howler monkeys (D:10)
  2 centaur zombies
  A quasit (D:7)
  5 hounds
  6 orc priests
  A centaur skeleton (D:5)
  A gnoll shaman (D:6)
  A bullfrog skeleton (D:4)
  9 iguanas
  6 orc wizards
  7 hell rats (Lair:2)
  11 worker ants
  A hound skeleton (D:4)
  10 adders
  8 gnolls (D:6)
  3 river rats (D:6)
  2 white imps
  4 ufetubi
  An adder skeleton (D:6)
  3 adder zombies
  3 worms (D:2)
  A dart slug (D:1)
  2 leopard geckos
  31 orcs
  14 bats
  6 giant cockroaches
  5 hobgoblins
  8 jackals
  7 quokkas
  A ball python (D:6)
  4 frilled lizards
  A giant cockroach zombie (D:1)
  9 goblins
  11 kobolds
  13 rats
460 creatures vanquished.

Vanquished Creatures (collateral kills)
  2 blink frogs (Lair:1)
2 creatures vanquished.

Vanquished Creatures (others)
  29 fungi
  58 plants
87 creatures vanquished.

Grand Total: 549 creatures vanquished

Notes
Turn   | Place    | Note
-------+----------+-------------------------------------------
     0 | D:1      | teolandon225 the Spriggan Enchanter began the quest for the
                  | Orb.
     0 | D:1      | Reached XP level 1. HP: 9/9 MP: 5/5
   215 | D:1      | Reached XP level 2. HP: 13/13 MP: 6/6
   218 | D:1      | Learned a level 2 spell: Ensorcelled Hibernation
   533 | D:1      | Reached skill level 5 in Stealth
  1067 | D:1      | Reached XP level 3. HP: 16/16 MP: 2/8
  1071 | D:1      | Learned a level 3 spell: Confusing Touch
  2556 | D:2      | Reached XP level 4. HP: 21/21 MP: 4/9
  2713 | D:3      | Found an ancient bone altar of Kikubaaqudgha.
  3237 | D:3      | Reached skill level 5 in Hexes
  3249 | D:3      | Found a shadowy altar of Dithmenos.
  3263 | D:3      | Found a stormy altar of Qazlal.
  3268 | D:3      | Found a snail-covered altar of Cheibriados.
  3287 | D:3      | Became a worshipper of Dithmenos the Shadowed
  3524 | D:4      | Found Jiqei's Jewellery Shop.
  3785 | D:4      | Reached XP level 5. HP: 24/24 MP: 3/10
  4888 | D:4      | Reached XP level 6. HP: 28/28 MP: 5/11
  4905 | D:4      | Reached skill level 5 in Dodging
  5244 | D:4      | Reached XP level 7. HP: 32/32 MP: 2/12
  5891 | D:4      | Found an iron altar of Okawaru.
  5929 | D:5      | Entered Level 5 of the Dungeon
  6822 | D:5      | Learned a level 3 spell: Tukima's Dance
  7307 | D:5      | Reached skill level 10 in Stealth
  7528 | D:5      | Reached XP level 8. HP: 36/36 MP: 8/13
  7607 | D:5      | Reached * piety under Dithmenos
  7972 | D:6      | Found a glowing drain.
  7989 | Sewer    | Entered a sewer
  8248 | D:6      | Found a white marble altar of Elyvilon.
  8256 | D:6      | Found a glowing golden altar of the Shining One.
  8259 | D:6      | Found a burning altar of Makhleb.
  8262 | D:6      | Found an ornate altar of the Wu Jian Council.
  8517 | D:6      | Reached ** piety under Dithmenos
  8704 | D:6      | Found a staircase to the Ecumenical Temple.
  8970 | D:6      | Noticed Edmund
  9063 | D:6      | Killed Edmund
  9574 | Temple   | Entered the Ecumenical Temple
  9644 | D:7      | Reached XP level 9. HP: 39/39 MP: 14/14
  9666 | D:7      | Learned a level 3 spell: Dazzling Flash
  9673 | D:7      | Noticed a manticore
 10253 | D:7      | Killed a manticore
 10254 | D:7      | Reached skill level 10 in Hexes
 10844 | D:7      | Reached *** piety under Dithmenos
 12541 | D:8      | Found a staircase to the Lair.
 13012 | D:9      | Found a radiant altar of Vehumet.
 13066 | D:9      | Reached XP level 10. HP: 44/44 MP: 15/15
 13086 | D:9      | Noticed a centaur warrior
 13093 | D:9      | Killed a centaur warrior
 13096 | D:9      | Reached **** piety under Dithmenos
 13179 | D:9      | Noticed a two-headed ogre
 13186 | D:9      | Killed a two-headed ogre
 13187 | D:9      | Reached skill level 10 in Dodging
 13503 | D:9      | Reached skill level 1 in Shields
 14056 | D:9      | Found a staircase to the Orcish Mines.
 14199 | D:10     | Entered Level 10 of the Dungeon
 14319 | D:10     | Got a crude rapier
 14326 | D:10     | Identified the cursed +2 rapier "Xyegailo" {drain, rElec
                  | Dex+3} (You found it on level 10 of the Dungeon)
 15087 | D:10     | Noticed a manticore
 15098 | D:10     | Killed a manticore
 15528 | D:10     | Reached skill level 5 in Shields
 16295 | D:10     | Reached XP level 11. HP: 47/47 MP: 16/16
 16330 | D:11     | Noticed an unseen horror
 16419 | Lair:1   | Entered Level 1 of the Lair of Beasts
 16427 | Lair:1   | Noticed a seven-headed hydra
 16602 | D:8      | Killed a seven-headed hydra
 17322 | Lair:1   | Reached skill level 15 in Stealth
 20016 | Lair:3   | Noticed Gastronok
 20023 | Lair:3   | Killed Gastronok
 20024 | Lair:3   | Reached XP level 12. HP: 48/51 MP: 12/17
 20218 | Lair:3   | Noticed Sonja
 20225 | Lair:3   | Killed Sonja
 20367 | Lair:3   | Noticed a four-headed hydra
 20374 | Lair:3   | Killed a four-headed hydra
 20410 | Lair:3   | Found a staircase to the Snake Pit.
 20660 | Lair:3   | Found a staircase to the Swamp.
 20700 | Lair:3   | Reached skill level 5 in Short Blades
 21066 | Lair:3   | Reached ***** piety under Dithmenos
 21699 | Lair:4   | Reached skill level 15 in Hexes
 21889 | Lair:4   | Noticed an eight-headed hydra
 21896 | Lair:4   | Killed an eight-headed hydra
 22226 | Lair:4   | Reached XP level 13. HP: 48/55 MP: 4/18
 23323 | Lair:5   | Noticed Ruewk's ghost (journeyman CeAM)
 23356 | Lair:5   | Found a transporter.
 23361 | Lair:5   | Found a transporter.
 24933 | Lair:6   | Entered Level 6 of the Lair of Beasts
 25825 | Lair:6   | HP: 2/55 [torpor snail (5)]
 26210 | Lair:6   | Reached skill level 1 in Invocations
 26213 | Lair:6   | Reached skill level 1 in Fighting
 27426 | Lair:5   | Reached skill level 10 in Short Blades
 28466 | Lair:6   | Reached XP level 14. HP: 65/65 MP: 16/19
 29950 | Lair:6   | Reached skill level 5 in Invocations
 29952 | Lair:6   | Paralysed by a hornet for 3 turns
 29955 | Lair:6   | Slain by a manticore

Illustrated notes

Levels and vault maps discovered:
D:1:      saegor_arrival_fortress, layout_basic
D:2:      layout_loops_cross, patterned_corridor
D:3:      layout_loops_cross, nicolae_overflow_crystal_walls,
          minmay_overflow_temple_star_quad
D:4:      layout_basic, kennysheep_okawaru_gauntlet, serial_shops, shop
D:5:      layout_rooms, small_statue_intersection
D:6:      layout_basic, grunt_temple_overflow_cloverleaf,
          lemuel_temple_firewalk_b, portal_sewer_entry_e, uniq_edmund
D:7:      black_bear_nest_2, layout_basic
D:8:      layout_cave_pods, dpeg_oklobed_lair, item_on_display_a
D:9:      minmay_curly_fans, layout_loops_ring, old_standard_altar,
          hiddenorc1_lemuel
D:10:     layout_stronghold
D:11:     layout_grid_maze, kb_rosetta, uniq_nergalle
Temple:   nicolae_temple_no_exploring_needed
Lair:1:   layout_loops_ring, gammafunk_lair_bear_cave, grunt_megastairs_1
Lair:2:   layout_misc_corridors, chequers_serial_rivers_micro_c
Lair:3:   layout_cave_pods, nicolae_swamp_entry_splash_gauntlet,
          minmay_snake_entry_guardpost_medium, serial_bayou_pond_c,
          uniq_gastronok, uniq_sonja
Lair:4:   nzn_winding_woodlands_three_and_one
          [nzn_winding_woodlands_5x15_pathside_ponds,
          nzn_winding_woodlands_5x15_concentric,
          nzn_winding_woodlands_5x15_jagged,
          nzn_winding_woodlands_center_garden], layout_misc_corridors
Lair:5:   layout_roguey, minmay_slime_entry_oklob_open, nzn_ghost_randoct,
          minmay_lair_oklob_chamber
Lair:6:   guppyfry_lair_end_dragon, layout_hall_layers, hangedman_lair_in_review

Skill      XL: |  1  2  3  4  5  6  7  8  9 10 11 12 13 14 |
---------------+-------------------------------------------+-----
Hexes          | 4 5 6 8 9 11 12 13 15 17 | 17.4
Stealth        | 5 6 7 8 10 12 14 16 17 | 17.0
Dodging        | 4 5 6 8 9 10 | 10.2
Shields        | 5 7 |  7.2
Short Blades   | 4 7 10 | 10.0
Invocations    | 3 5 |  5.0
Fighting       | 3 4 |  4.1
Spellcasting   | |  2.6

Action                   |  1- 3 |  4- 6 |  7- 9 | 10-12 | 13-15 || total
-------------------------+-------+-------+-------+-------+-------++-------
Melee: Dagger            |    83 |    92 |   190 |   135 |   301 ||   801
       Rapier            |       |       |       |   197 |       ||   197
 Cast: Corona            |     1 |       |       |       |       ||     1
       Ensorcelled Hiber |    38 |    47 |   130 |   162 |   130 ||   507
       Confusing Touch   |       |     3 |    11 |    14 |    14 ||    42
       Dazzling Flash    |       |       |       |     9 |    13 ||    22
Invok: Shadow Step       |       |       |       |     1 |       ||     1
Evoke: Wand              |       |       |       |     3 |       ||     3
  Use: Scroll            |       |       |    24 |    10 |     6 ||    40
       Potion            |       |       |       |       |     5 ||     5
 Stab: Sleeping          |    35 |    28 |    91 |   132 |    84 ||   370
       Confused          |       |     1 |     8 |    11 |    14 ||    34
       Distracted        |       |       |       |     1 |       ||     1
       Invisible         |       |       |       |     8 |     8 ||    16
Armor: Robe              |     8 |    12 |    10 |    13 |    31 ||    74
Dodge: Dodged            |    51 |    69 |   220 |   468 |   376 ||  1184
Block: Buckler           |       |       |       |       |    42 ||    42
